 Dungeon Crawl Stone Soup version 0.19-a0-1903-gead39cf (webtiles) character file.

331 Kingduke777 the Magician (level 6, -8/32 HPs)
             Began as a Deep Elf Wizard on Oct 20, 2016.
             Was an Initiate of Sif Muna.
             Killed by divine providence
             ... invoked by an orc priest
              (11 damage)
             ... on level 5 of the Dungeon on Oct 21, 2016.
             The game lasted 00:22:47 (5706 turns).

Kingduke777 the Magician (Deep Elf Wizard)          Turns: 5706, Time: 00:22:49

Health: -8/32      AC:  6    Str:  4    XL:     6   Next: 26%
Magic:  2/16       EV: 13    Int: 25    God:    Sif Muna [......]
Gold:   147        SH:  0    Dex: 13    Spells: 6 memorised, 2 levels left

rFire  . . .     SeeInvis .     a - +2 spear (freeze)
rCold  . . .     Gourm    .     o - +1 robe
rNeg   . . .     Faith    .     (no shield)
rPois  .         Spirit   .     y - +2 helmet
rElec  .         Reflect  .     (no cloak)
rCorr  .         Harm     .     (no gloves)
MR     .....                    (no boots)
Stlth  ++........               (no amulet)
                                (no ring)
                                (no ring)

@: repel missiles
A: no striking features
a: Renounce Religion


You were on level 5 of the Dungeon.
You worshipped Sif Muna.
Sif Muna was noncommittal.
You were not hungry.

You visited 2 branches of the dungeon, and saw 6 of its levels.

You collected 147 gold pieces.

Inventory:

Hand Weapons
 a - a +2 spear of freezing (weapon)
 b - a +2 short sword of venom
 B - a +0 blowgun
Missiles
 g - 40 stones (quivered)
Armour
 o - a +1 robe (worn)
 y - a +2 helmet (worn)
Wands
 f - a wand of digging (15/24)
 v - a wand of digging (9/24)
 w - a wand of lightning (9/15)
Scrolls
 e - a scroll of enchant weapon {unknown}
 h - 2 scrolls of recharging
 i - 2 scrolls of immolation
 n - 3 scrolls of remove curse
 r - 2 scrolls of enchant armour
 u - a scroll of teleportation {unknown}
 x - a scroll of blinking {unknown}
Potions
 l - 2 potions of might {unknown}
 p - 2 potions of agility {unknown}
 q - 2 potions of curing
 t - 2 potions of magic {unknown}
 z - a potion of resistance {unknown}
Books
 c - a book of Minor Magic

   Spells                             Type                      Level
   a - Magic Dart                     Conjuration                  1
   b - Blink                          Translocation                2
   c - Call Imp                       Summoning                    2
   d - Repel Missiles                 Charms/Air                   2
   e - Slow                           Hexes                        2
   f - Conjure Flame                  Conjuration/Fire             3
   g - Mephitic Cloud                 Conjuration/Poison/Air       3
 s - a book of Misfortune

   Spells                             Type                      Level
   a - Confusing Touch                Hexes                        1
   b - Confuse                        Hexes                        3
   c - Gell's Gravitas                Hexes/Translocation          3
   d - Petrify                        Transmutation/Earth          4
   e - Metabolic Englaciation         Hexes/Ice                    5
   f - Yara's Violent Unravelling     Hexes/Transmutation          5
Comestibles
 d - 3 bread rations
 j - 2 beef jerkies
 k - 4 meat rations
 m - a slice of pizza
 A - 2 chunks of flesh


   Skills:
 - Level 2.4 Dodging
 - Level 2.4 Stealth
 + Level 5.3 Spellcasting
 - Level 3.0 Conjurations
 + Level 3.9 Summonings
 - Level 1.1 Translocations
 + Level 1.8 Fire Magic
 - Level 2.2 Air Magic
 - Level 2.1 Poison Magic


You had 2 spell levels left.
You knew the following spells:

 Your Spells              Type           Power        Failure   Level  Hunger
a - Magic Dart            Conj           ###.         2%          1    None
b - Call Imp              Summ           ####....     2%          2    None
c - Blink                 Tloc           N/A          10%         2    None
d - Conjure Flame         Conj/Fire      ###.....     12%         3    #......
e - Mephitic Cloud        Conj/Pois/Air  ###.....     12%         3    #......
f - Repel Missiles        Chrm/Air       ##....       10%         2    None


Dungeon Overview and Level Annotations

Branches:
Dungeon (5/15)             Temple (1/1) D:4

Altars:
Ashenzari
Cheibriados
Dithmenos
Elyvilon
Gozag
Makhleb
Nemelex Xobeh
Okawaru
Qazlal
Ru
Sif Muna
Trog
Uskayaw
Xom
Yredelemnul
Zin
The Shining One

Annotations:
D:1 exclusion: 2 downstairs
D:3 Grinder


Message History

Your crimson imp hits the orc priest but does no damage.
The orc is engulfed in noxious fumes.
The orc appears confused.
Unknown command.
An orc comes into view. It is wielding a war axe.
The orc shouts!
Casting: Mephitic Cloud
Confirm with . or Enter, or press ? or * to list all spells.
You blink.
The orc priest hits you with a mace.
* * * LOW HITPOINT WARNING * * *
Casting: Blink
Confirm with . or Enter, or press ? or * to list all spells.
You blink.
Casting: Blink
Confirm with . or Enter, or press ? or * to list all spells.
You blink.
Your crimson imp hits the orc priest but does no damage.
The orc closely misses you.
The orc priest calls down the wrath of Beogh upon you.
Beogh smites you!
You die...

#####.............##
..................+
.##....#.<........##
..............##....
...................
..#...).....##....
######...#'##........
#.......o#..5...#....
.......@....o...#....
............o§.......
......?..#........###
.........#......###
...........####...
.......#...# ....
............ ......
##.......... ####.
...


You could see an orc priest, 2 orcs and a friendly crimson imp.

Vanquished Creatures
  A centaur skeleton (D:4)
  A howler monkey skeleton (D:4)
  2 oozes
  A worm (D:2)
  9 leopard geckos
  A ball python (D:1)
  2 giant cockroaches (D:2)
  4 goblins
  8 hobgoblins
  A jackal (D:1)
  4 kobolds (D:1)
  3 bats
  7 frilled lizards
  7 rats
51 creatures vanquished.

Vanquished Creatures (collateral kills)
  An ogre (D:4)
  2 orc priests (D:4)
  Jessica (D:3)
  3 worker ants
  6 gnolls
  5 adders
  An ooze (D:3)
  2 worms (D:2)
  9 orcs
  A bat (D:3)
  A giant cockroach (D:4)
  A goblin (D:2)
  A hobgoblin (D:3)
  5 jackals
  3 kobolds
  A quokka (D:5)
  2 frilled lizards
  A quokka skeleton (D:4)
  2 rats (D:2)
48 creatures vanquished.

Grand Total: 99 creatures vanquished

Notes
Turn   | Place    | Note
-------+----------+-------------------------------------------
     0 | D:1      | Kingduke777 the Deep Elf Wizard began the quest for the Orb.
     0 | D:1      | Reached XP level 1. HP: 10/10 MP: 7/7
   166 | D:1      | Reached XP level 2. HP: 15/15 MP: 4/9
   211 | D:1      | Learned a level 2 spell: Call Imp
   214 | D:1      | Learned a level 2 spell: Blink
   985 | D:1      | Reached skill level 5 in Spellcasting
   989 | D:1      | Found a sparkling altar of Nemelex Xobeh.
  1306 | D:1      | Reached XP level 3. HP: 19/19 MP: 6/11
  1311 | D:1      | Learned a level 3 spell: Conjure Flame
  1315 | D:1      | Learned a level 3 spell: Mephitic Cloud
  3082 | D:2      | Reached skill level 1 in Poison Magic
  3194 | D:2      | Reached XP level 4. HP: 24/24 MP: 9/13
  3198 | D:2      | Learned a level 2 spell: Repel Missiles
  3810 | D:3      | Reached skill level 1 in Air Magic
  4081 | D:3      | Noticed Grinder
  4253 | D:3      | Noticed Jessica
  4270 | D:3      | Killed Jessica
  4270 | D:3      | Reached XP level 5. HP: 28/28 MP: 7/14
  4278 | D:3      | Found an iron altar of Okawaru.
  4575 | D:4      | Noticed an ogre
  4594 | D:4      | Killed an ogre
  4634 | D:4      | Reached skill level 1 in Fire Magic
  4687 | D:4      | Found a glowing golden altar of the Shining One.
  4752 | D:4      | Found a staircase to the Ecumenical Temple.
  4789 | Temple   | Entered the Ecumenical Temple
  4953 | Temple   | Became a worshipper of Sif Muna the Loreminder
  5234 | D:4      | Reached XP level 6. HP: 32/32 MP: 7/15
  5667 | D:5      | Entered Level 5 of the Dungeon
  5706 | D:5      | Killed from afar by an orc priest

Vault maps used:
D:1:      saegor_arrival_simple_a, grunt_decor_one_mirror, nemelex_altar_shiori
D:3:      tgw_fedhas, minitemple, ecumenical_altar_2, first_bread,
          okawaru_ov_weapons_minmay, uniq_grinder, uniq_jessica
D:4:      tso_oasis_becter, minmay_ruptured
Temple:   nicolae_temple_elliptical

Skill      XL: |  1  2  3  4  5 |
---------------+----------------+-----
Conjurations   | 2 3 |  3.0
Spellcasting   | 5 |  5.3
Summonings     | 2 3 |  3.9
Poison Magic   | 1 2 |  2.1
Air Magic      | 1 2 |  2.2
Fire Magic     | 1 |  1.8
Dodging        | |  2.4
Stealth        | |  2.4
Translocations | |  1.1

Action                   |  1- 3 |  4- 6 || total
-------------------------+-------+-------++-------
Melee: Spear             |       |    18 ||    18
 Cast: Magic Dart        |    79 |    42 ||   121
       Call Imp          |    18 |    38 ||    56
       Blink             |     4 |     3 ||     7
       Repel Missiles    |       |     1 ||     1
       Mephitic Cloud    |       |     4 ||     4
       Conjure Flame     |       |     1 ||     1
  Use: Scroll            |       |     6 ||     6
  Eat: Chunk             |     7 |     7 ||    14
Armor: Robe              |     6 |     4 ||    10
Dodge: Dodged            |    18 |    12 ||    30
